 Dungeon Crawl Stone Soup version 0.23.0-3-gf3c87f2 (webtiles) character file.

Game seed: 2632198724417167131

149 Inarius the Conjurer (level 5, -1/40 HPs)
             Began as a Centaur Conjurer on Feb 21, 2019.
             Slain by an adder (2 damage)
             ... on level 3 of the Dungeon.
             The game lasted 00:04:36 (2744 turns).

Inarius the Conjurer (Centaur Conjurer)             Turns: 2744, Time: 00:04:38

Health: -1/40      AC: 12    Str: 12    XL:     5   Next: 9%
Magic:  6/7        EV:  3    Int: 14    God:
Gold:   125        SH:  0    Dex:  9    Spells: 6/7 levels left

rFire    . . .     SeeInvis .   f - +0 spear
rCold    . . .     Gourm    .   (no shield)
rNeg     . . .     Faith    .   u - +0 chain mail
rPois    .         Spirit   .   h - +0 helmet
rElec    .         Reflect  .   n - +2 cloak
rCorr    .         Harm     .   m - +0 pair of gloves
MR       .....                  (no barding)
Stlth    ..........             (no amulet)
HPRegen  0.13/turn              (no ring)
MPRegen  0.10/turn              (no ring)

@: lethally poisoned (-1 -> -3), very quick
A: large, hooves 3, deformed body, speed 2, tough skin 3
a: no special abilities


You were on level 3 of the Dungeon.
You were hungry.

You visited 1 branch of the dungeon, and saw 3 of its levels.

You collected 125 gold pieces.

Inventory:

Hand Weapons
 f - a +0 spear (weapon)
Armour
 h - a +0 helmet (worn)
 m - a +0 pair of gloves (worn)
 n - a +2 cloak (worn)
 u - a +0 chain mail (worn)
Scrolls
 b - a scroll of fear {unknown}
 e - a scroll of enchant armour {unknown}
 j - 5 scrolls of identify {unknown}
 k - a scroll of magic mapping {unknown}
 o - a scroll of random uselessness {unknown}
 q - a scroll of teleportation {unknown}
 r - a scroll of blinking {unknown}
 s - a scroll of remove curse {unknown}
 t - a scroll of immolation {unknown}
Potions
 g - a potion of curing {unknown}
 p - a potion of flight {unknown}
Comestibles
 a - 7 chunks of flesh
 c - 8 rations


   Skills:
 + Level 1.0 Fighting
 * Level 2.1 Polearms
 + Level 1.4 Armour
 + Level 1.8 Dodging
 - Level 1.1 Stealth
 + Level 0.7 Unarmed Combat
 - Level 1.6 Spellcasting
 - Level 4.2 Conjurations


You had 6 spell levels left.
You knew the following spells:

 Your Spells              Type           Power        Failure   Level  Hunger
a - Magic Dart            Conj           ##..         88%         1    ##.....

Your spell library contained the following spells:

 Spells                   Type           Power        Failure   Level  Hunger
 Searing Ray              Conj           ##....       96%         2    ###....
 Dazzling Spray           Conj/Hex       #.....       100%        3    ####...
 Force Lance              Conj/Tloc      #.......     100%        4    #####..
 Fulminant Prism          Conj/Hex       #.........   100%        4    #####..
 Iskenderun's Mystic Bla  Conj           ##......     100%        4    #####..


Dungeon Overview and Level Annotations

Branches:
Dungeon (3/15)

Altars:
Gozag


Innate Abilities, Weirdness & Mutations

You have hooves in place of feet.
Armour fits poorly on your strangely shaped body.
You cover ground very quickly.
You have extremely tough skin. (AC +3)


Message History

The orc priest calls down the wrath of Beogh upon you.
Beogh smites you! The adder bites you.
The orc priest calls down the wrath of Beogh upon you.
Beogh smites you!
* * * LOW HITPOINT WARNING * * *
You see here 19 sling bullets.
* * * LOW HITPOINT WARNING * * *
You feel sick.
It was a potion of brilliance.
You feel clever all of a sudden. The adder bites you but does no damage.
It was a potion of haste.
You feel yourself speed up. The adder barely misses you.
It was a potion of cancellation.
Your magical effects are unravelling.
You feel magically purged.
Your magical contamination has completely faded away.
You feel yourself slow down.
You feel a little less clever now. The adder bites you.
You die...

#...#
###.#
#.#
#.#
#.#
#.#
#.#
#.#
#@#
#S#
#(#
#.#
#.#
#o#
#.#
#o#
#.#


You could see an orc priest, an adder and an orc.

Vanquished Creatures
  Jessica (D:3)
  3 gnolls (D:2)
  2 adders (D:2)
  An ooze (D:1)
  2 worms (D:2)
  A dart slug (D:2)
  2 leopard geckos (D:2)
  4 giant cockroaches
  11 goblins
  10 hobgoblins
  6 kobolds
  A quokka (D:3)
  4 bats
  5 frilled lizards
  7 rats
60 creatures vanquished.

Notes
Turn   | Place    | Note
-------+----------+-------------------------------------------
     0 | D:1      | Inarius the Centaur Conjurer began the quest for the Orb.
     0 | D:1      | Reached XP level 1. HP: 14/14 MP: 3/3
   209 | D:1      | Reached skill level 4 in Conjurations
   211 | D:1      | Reached XP level 2. HP: 19/20 MP: 4/4
   746 | D:1      | Reached XP level 3. HP: 21/26 MP: 5/5
  1479 | D:2      | Reached skill level 1 in Polearms
  1512 | D:2      | Reached skill level 1 in Armour
  1512 | D:2      | Reached XP level 4. HP: 31/34 MP: 6/6
  1692 | D:2      | Found an opulent altar of Gozag.
  2644 | D:3      | Noticed Jessica
  2653 | D:3      | Killed Jessica
  2653 | D:3      | Reached skill level 1 in Fighting
  2653 | D:3      | Reached XP level 5. HP: 38/40 MP: 7/7
  2739 | D:3      | HP: 1/40 [orc priest/divine providence (16)]
  2744 | D:3      | Slain by an adder

Skill      XL: |  1  2  3  4 |
---------------+-------------+-----
Conjurations   | 4 |  4.2
Polearms       | 1 2 |  2.1
Armour         | 1 |  1.4
Fighting       | 1 |  1.0
Dodging        | |  1.8
Stealth        | |  1.1
Unarmed Combat | |  0.7
Spellcasting   | |  1.6

Action                   |  1- 3 |  4- 6 || total
-------------------------+-------+-------++-------
Melee: Unarmed           |    22 |       ||    22
       Kick              |    12 |    14 ||    26
       Spear             |    95 |   119 ||   214
 Cast: Magic Dart        |    23 |     5 ||    28
  Use: Potion            |       |     3 ||     3
  Eat: Chunk             |     2 |     3 ||     5
Armor: Leather armour    |    34 |     6 ||    40
       Robe              |     4 |       ||     4
       Scale mail        |       |    30 ||    30
       Chain mail        |       |    19 ||    19
       Ring mail         |       |     1 ||     1
Dodge: Dodged            |    48 |    34 ||    82
